Map: Overgrown Facility

Players

Nigrnog

  • Race: Zerg Zerg
  • League: Gold
  • Spawn Location: 3:00

MooEsqoo

  • Race: Protoss Protoss
  • Spawn Location: 1:00

thexxwestixx - Winner!

  • Race: Terran Terran
  • Spawn Location: 9:00

Cringe - Winner!

  • Race: Zerg Zerg
  • League: Silver
  • Spawn Location: 7:00

VOD

Have the link to the VOD?

Description

Time

  • Played on: Feb. 14, 2020, 8:11 a.m.
  • Length: 4:47
Show
View Real Time Build Order
Export as new Build Order

Nigrnog Zerg 

Build Orders: 3 Hatch before Pool 

Get SALT Encoding   

  12  0:01  Drone  
  13  0:09  Drone  
  14  0:18  Overlord  
  14  0:48  Drone  
  15  0:51  Drone  
  15  0:55  Hatchery  
  15  0:59  Drone  
  15  1:00  Drone  
  17  1:10  Drone  
  18  1:21  Drone  
  19  1:31  Hatchery  
  18  1:36  Drone  
  19  1:40  Extractor  
  19  1:42  Drone  
  19  1:54  Spawning Pool  
  18  1:58  Overlord  
  18  2:13  Drone  
  19  2:25  Drone  
  19  2:28  Hatchery  
  19  2:31  Drone x2  
  19  2:35  Drone  
  22  2:38  Drone  
  23  2:49  Queen  
  25  2:52  Drone  
  25  2:56  Drone x2  
  28  2:58  Drone  
  29  3:06  Queen  
  31  3:16  Queen  
  33  3:22  Zergling x4  
  33  3:23  Zergling x4  
  37  3:31  Drone x2  
  37  3:33  Zergling x4  
  37  3:34  Zergling x2  
  42  3:46  Overlord x3  
  42  3:56  Spine Crawler  
Show
View Real Time Build Order
Export as new Build Order

MooEsqoo Protoss 

Build Orders: 1 Gate Expand, Oracle Opening 

Get SALT Encoding   

  12  0:01  Probe  
  13  0:16  Pylon  
  13  0:18  Probe  
  14  0:31  Probe  
  15  0:40  Gateway  
  15  0:46  Probe  
  16  0:50  Assimilator  
  16  1:03  Probe (Chrono Boost)  
  17  1:14  Probe (Chrono Boost)  
  18  1:19  Probe (Chrono Boost)  
  19  1:29  Probe  
  20  1:36  Nexus  
  20  1:44  Probe  
  21  1:52  Cybernetics Core  
  21  2:02  Pylon  
  21  2:04  Probe  
  21  2:05  Assimilator  
  22  2:16  Probe  
  23  2:26  Stalker (Chrono Boost)  
  23  2:28  Probe  
  26  2:36  Stargate  
  26  2:39  Warp Gate  
  26  2:51  Shield Battery  
  26  2:55  Probe x2  
  28  2:59  Pylon  
  28  3:06  Stalker  
  28  3:07  Probe x2  
  32  3:17  Oracle (Chrono Boost)  
  32  3:19  Probe  
  33  3:23  Probe  
  37  3:31  Probe  
  38  3:41  Stalker  
  38  3:45  Shield Battery  
  40  3:52  Oracle (Chrono Boost)  
  43  4:13  Shield Battery  
  43  4:18  Pylon  
Show
View Real Time Build Order
Export as new Build Order

thexxwestixx Terran - Winner!

Build Orders:  

Get SALT Encoding   

  12  0:01  SCV  
  13  0:13  SCV  
  14  0:22  Supply Depot  
  14  0:25  SCV  
  15  0:44  SCV  
  15  0:49  Barracks  
  16  0:56  SCV  
  17  1:01  Barracks  
  17  1:08  SCV  
  18  1:15  Refinery  
  18  1:20  SCV  
  19  1:28  Supply Depot  
  19  1:32  SCV  
  20  1:41  Barracks, Marine  
  20  1:44  SCV  
  22  1:51  Supply Depot  
  22  1:58  Marine  
  23  2:06  Marine  
  24  2:16  Barracks Tech Lab  
  24  2:37  Combat Shield  
  24  2:39  Marine x3  
  27  2:47  Refinery  
  27  2:50  Supply Depot  
  27  2:57  Marine x3  
  30  3:09  Orbital Command  
  30  3:15  Marine x3  
  33  3:32  Marine  
  33  3:33  Marine x2  
  36  3:50  Marine  
  36  3:51  Marine x2  
  39  3:58  Factory  
  39  4:08  Marine x3  
  42  4:26  Marine x3  
Show
View Real Time Build Order
Export as new Build Order

Cringe Zerg - Winner!

Build Orders: Hatch First 

Get SALT Encoding   

  12  0:01  Drone  
  13  0:14  Overlord  
  13  0:18  Drone  
  14  0:32  Drone x2  
  16  0:40  Drone  
  17  0:56  Drone, Hatchery  
  17  1:01  Drone  
  18  1:05  Extractor  
  18  1:09  Drone  
  18  1:22  Spawning Pool  
  18  1:23  Drone  
  18  1:32  Drone  
  19  1:40  Overlord  
  19  2:08  Queen  
  19  2:09  Queen  
  19  2:10  Metabolic Boost  
  19  2:11  Zergling x4  
  25  2:24  Zergling x2  
  25  2:25  Zergling x6  
  29  2:34  Overlord  
  29  2:38  Zergling x2  
  30  2:45  Zergling x2  
  31  2:51  Overlord  
  31  2:55  Zergling x2  
  32  3:00  Zergling x2  
  33  3:09  Zergling x2  
  33  3:10  Zergling x2  
  35  3:21  Zergling x10  
  35  3:22  Zergling x4  
  42  3:32  Zergling x4  
  44  3:35  Overlord  
  44  3:48  Zergling x8  
  48  4:03  Zergling x10  
  53  4:21  Zergling x2  
  53  4:22  Zergling x4  
Tags
 
Add a new tag
Caveats
  • Supply blocks, unpowered buildings, or Contaminate may cause inaccurate times.
  • Supply counts are checked every 10 seconds.